 Dungeon Crawl Stone Soup version 0.28-a0-1395-g4f6bc678fa (webtiles) character file.

Game seed: 10135397717922689621

1425 IndexError the Caller (level 8, -1/58 HPs)
             Began as a Gnoll Summoner on Jan 4, 2022.
             Slain by a sky beast (5 damage)
             ... on level 6 of the Dungeon.
             The game lasted 00:15:49 (8050 turns).

IndexError the Caller (Gnoll Summoner)              Turns: 8050, Time: 00:15:50

Health: -1/58      AC:  4    Str:  7    XL:     8   Next: 72%
Magic:  15/17      EV: 14    Int: 17    God:
Gold:   21         SH:  0    Dex: 13    Spells: 13/19 levels left

rFire   + . .      SeeInvis .   p - +2 war axe (elec)
rCold   . . .      Faith    .   (no shield)
rNeg    . . .      Spirit   .   a - +0 robe
rPois   .          Reflect  .   (no helmet)
rElec   .          Harm     .   c - +0 cloak
rCorr   .          Rampage  .   (no gloves)
Will    .....                   l - +0 pair of boots
Stlth   +++.......              (no amulet)
HPRegen 0.19/turn               o - ring of protection from fire {rF+, !d}
MPRegen 0.15/turn               (no ring)

@: no status effects
A: fangs 1, strong nose, distributed training
a: no special abilities


You were on level 6 of the Dungeon.
You visited 1 branch of the dungeon, and saw 6 of its levels.

You collected 297 gold pieces.
You spent 276 gold pieces at shops.

Inventory:

Hand Weapons
 p - a +2 war axe of electrocution (weapon)
   (You took it off an orc on level 3 of the Dungeon)
Missiles
 t - a throwing net {=f, !d}
Armour
 a - a +0 robe (worn)
 c - a +0 cloak (worn)
   (You found it on level 1 of the Dungeon)
 l - a +0 pair of boots (worn)
   (You found it on level 2 of the Dungeon)
Jewellery
 d - an amulet of regeneration {+regen, !d}
   (You found it on level 4 of the Dungeon)
 m - a ring of fire {rF+, rC-}
   (You found it on level 3 of the Dungeon)
 o - a ring of protection from fire (left hand) {rF+, !d}
   (You found it on level 3 of the Dungeon)
Wands
 g - a wand of iceblast (13)
   (You found it on level 4 of the Dungeon)
Scrolls
 b - 5 scrolls of identify {unknown}
 h - 3 scrolls of blinking {unknown}
 q - a scroll of teleportation {unknown}
 s - a scroll of noise {unknown}
 u - 2 scrolls of torment {unknown}
 v - a scroll of vulnerability {unknown}
 w - a scroll of enchant armour {unknown}
 x - 2 scrolls of immolation {unknown}
 y - 2 scrolls of fog {unknown}
Potions
 e - 2 potions of curing {unknown}
 f - 2 potions of haste {unknown}
 i - 2 potions of might
 j - 2 potions of lignification {unknown}
 k - 3 potions of cancellation {unknown}
 n - 2 potions of mutation {unknown}
 r - 2 potions of heal wounds {unknown}
 z - a potion of degeneration {unknown}


   Skills:
 + Level 3.5 Fighting
 + Level 3.5 Short Blades
 + Level 3.5 Long Blades
 + Level 3.5 Axes
 + Level 3.5 Maces & Flails
 + Level 3.5 Polearms
 + Level 3.5 Staves
 + Level 3.5 Slings
 + Level 3.5 Bows
 + Level 3.5 Crossbows
 + Level 3.5 Throwing
 + Level 3.5 Armour
 + Level 5.8 Dodging
 + Level 5.5 Stealth
 + Level 3.5 Shields
 + Level 3.5 Unarmed Combat
 + Level 6.2 Spellcasting
 + Level 2.9 Conjurations
 + Level 2.9 Hexes
 + Level 7.7 Summonings
 + Level 2.9 Necromancy
 + Level 2.9 Translocations
 + Level 2.9 Transmutations
 + Level 2.9 Fire Magic
 + Level 2.9 Ice Magic
 + Level 2.9 Air Magic
 + Level 2.9 Earth Magic
 + Level 2.9 Poison Magic
 + Level 3.9 Invocations
 + Level 3.5 Evocations


You had 13 spell levels left.
You knew the following spells:

 Your Spells              Type           Power      Damage    Failure   Level
a - Summon Small Mammal   Summ           100%       N/A       1%          1
b - Call Canine Familiar  Summ           31%        N/A       1%          3
c - Call Imp              Summ           31%        N/A       1%          2

Your spell library contained the following spells:

 Spells                   Type           Power      Damage    Failure   Level
 Summon Guardian Golem    Hex/Summ       23%        N/A       4%          3
 Gell's Gravitas          Tloc           15%        N/A       12%         3
 Lesser Beckoning         Tloc           15%        N/A       12%         3
 Spider Form              Tmut/Pois      15%        N/A       12%         3
 Teleport Other           Tloc           15%        N/A       12%         3
 Summon Lightning Spire   Summ/Air       23%        N/A       14%         4
 Fulminant Prism          Conj/Hex       7%         3d7       36%         4
 Iskenderun's Mystic Bla  Conj/Tloc      15%        2d5       36%         4
 Fireball                 Conj/Fire      7%         3d5       71%         5
 Lee's Rapid Deconstruct  Erth           7%         3d8*      71%         5
 Starburst                Conj/Fire      7%         6d4       99%         6
 Ignition                 Fire           7%         3d5       100%        8
 Shatter                  Erth           7%         3d10*     100%        9


Dungeon Overview and Level Annotations

Branches:
Dungeon (6/15)
 Temple: D:4-7

Altars:
Uskayaw

Shops:
D:4 *=*?[


Innate Abilities, Weirdness & Mutations

You have very sharp teeth.
Your uncanny sense of smell can sniff out nearby items.
Your experience applies equally to all skills.


Message History

Confirm with . or Enter, or press ? or * to list all spells.
A beastly little devil appears in a puff of flame.
Your hound barely misses something.
Something hits you. Something shocks you.
You take 7 damage, and have 51/58 hp.
You now have 12/17 mp.
You miss something. Your hound misses something.
Something hits you but does no damage.
Your hound bites something but does no damage.
You closely miss something.
Your hound barely misses something.
Something hits you but does no damage.
Your hound bites something.
Something hits you but does no damage.
You miss something.
Your hound completely misses something.
Your hound bites something.
Something barely misses you.
You barely miss something. Your bite misses something.
Your hound bites something. x2; Something hits you.
Something shocks you.
You take 9 damage, and have 43/58 hp.
You miss something.
Your hound bites something.
Something completely misses your hound.
Your hound completely misses something.
Something misses your hound.
You miss something. Your bite misses something.
Your hound barely misses something.
Your hound bites something.
Something hits your hound but does no damage.
You hit something.
Reactivating autopickup.
You feel a bit more experienced.
You swap places.
Your hound disappears in a puff of smoke!
Magic restored.
Your crimson imp blinks!
Your crimson imp blinks!
HP restored.
You swap places.
x - 2 scrolls labelled ZANYAT WINEHO (gained 1)
You now have 21 gold pieces (gained 14).
You swap places.
Your crimson imp disappears in a puff of smoke!
Found a stone staircase leading down.
Health restored: 58; MP restored: 17 A sky beast comes into view.
Casting: Call Imp (safe; 1% risk of failure)
Confirm with . or Enter, or press ? or * to list all spells.
You now have 14/17 mp.
Casting: Call Canine Familiar (safe; 1% risk of failure)
Confirm with . or Enter, or press ? or * to list all spells.
A beastly little devil appears in a puff of flame.
The sky beast hits you but does no damage.
You now have 12/17 mp.
The sky beast flickers out of sight!
Deactivating autopickup; reactivate with Ctrl-A.
Your crimson imp closely misses something.
You hit something. Something hits you. Something shocks you.
Your crimson imp barely misses something.
You take 7 damage, and have 51/58 hp.
You miss something. Something hits you but does no damage.
Your crimson imp hits something.
Something hits you. Something shocks you.
You take 6 damage, and have 45/58 hp.
You miss something.
Your crimson imp closely misses something.
Something hits you. Something shocks you.
Your crimson imp closely misses something.
You take 10 damage, and have 35/58 hp.
You hit something. You bite something. Something hits you but does no damage.
Your crimson imp misses something.
You closely miss something. Something hits you. Something shocks you.
Your crimson imp barely misses something.
Something hits you. Something shocks you.
You take 16 damage, and have 19/58 hp.
MASSIVE DAMAGE!!
You closely miss something.
Your crimson imp hits something.
Something hits you but does no damage.
Your crimson imp barely misses something.
A sky beast appears from thin air!
Reactivating autopickup.
The sky beast closely misses you.
Your crimson imp closely misses the sky beast.
You miss the sky beast. The sky beast closely misses you.
Your crimson imp hits the sky beast.
The sky beast misses you.
Your hound misses the sky beast. You closely miss the sky beast.
Your hound closely misses the sky beast.
Your crimson imp hits the sky beast.
The sky beast hits you. The sky beast shocks you.
* * * LOW HITPOINT WARNING * * *
Your hound bites the sky beast.
You take 6 damage, and have 14/58 hp.
You closely miss the sky beast.
Your hound barely misses the sky beast.
Your crimson imp blinks!
The sky beast barely misses you.
Your hound bites the sky beast.
You barely miss the sky beast. The sky beast hits you.
* * * LOW HITPOINT WARNING * * *
The sky beast shocks you.
* * * LOW HITPOINT WARNING * * *
Your hound closely misses the sky beast.
Your crimson imp blinks!
The sky beast closely misses you.
You take 8 damage, and have 7/58 hp.
You closely miss the sky beast.
Your hound bites the sky beast.
Your hound bites the sky beast but does no damage.
The sky beast hits you.
* * * LOW HITPOINT WARNING * * *
The sky beast shocks you.
You die...

###.........##.# # #
#............# .#.#
##.##...####.###...#
## #.###### ##...#
## .. #.# ##.## ##.
#. #.# #.####5# #.
#.###########.....##
# #.
#.5...........####.#
#.#.##
##.@#####.....#####.
#....#####§Y#
#.5...........
#..#......h.#
#.#.##.#######
#....#####§##
#.#.##.#
#.#.#......#
#.#.##.# #
#.#.###### #.#.##.#
#.#.# #.#.##.# #>#.#
#.#.##.. #....
#.#.####


You could see a sky beast (ally target), a friendly hound (summoned) and a
friendly crimson imp (summoned).

Vanquished Creatures
  The ghost of bezhaha the Conjurer, a novice OpWz (D:5)
  A sky beast (D:6)
  2 centaurs (D:5)
  3 scorpions
  A water moccasin skeleton (D:5)
  A crimson imp (D:4)
  A hound (D:4)
  A bullfrog skeleton (D:5)
  Natasha (twice) (D:4)
  An orc wizard (D:5)
  2 adders
  A shadow imp (D:5)
  A white imp (D:5)
  A dart slug (D:1)
  4 orcs
  A bat (D:1)
  6 endoplasms
  4 giant cockroaches
  5 goblins
  4 hobgoblins
  A jackal (D:1)
  A quokka (D:3)
  5 ball pythons
  2 frilled lizards
  6 rats
58 creatures vanquished.

Vanquished Creatures (collateral kills)
  Edmund (D:5)
  A water moccasin zombie (D:5)
  A jelly (D:5)
  A hound (D:5)
  An orc priest (D:4)
  Crazy Yiuf (D:5)
  An orc wizard (D:4)
  Natasha (D:4)
  2 adders
  4 gnolls (D:5)
  A white imp (D:4)
  A dart slug (D:1)
  A worm (D:2)
  9 orcs
  2 bats
  2 endoplasms
  A giant cockroach (D:1)
  4 goblins
  5 hobgoblins
  6 jackals
  A quokka (D:4)
  5 ball pythons
  A frilled lizard (D:3)
  3 kobolds
  2 rats
58 creatures vanquished.

Vanquished Creatures (others)
  3 fungi (D:5)
3 creatures vanquished.

Grand Total: 119 creatures vanquished

Notes
Turn   | Place    | Note
-------+----------+-------------------------------------------
     0 | D:1      | IndexError the Gnoll Summoner began the quest for the Orb.
     0 | D:1      | Reached XP level 1. HP: 13/13 MP: 6/6
   364 | D:1      | Reached XP level 2. HP: 19/19 MP: 5/7
   952 | D:1      | Got the Incunabulum of Ashen Poisoning
  1000 | D:1      | Reached XP level 3. HP: 23/25 MP: 6/9
  1070 | D:1      | Reached skill level 5 in Spellcasting
  1288 | D:1      | Learned a level 2 spell: Call Imp
  1292 | D:1      | Learned a level 3 spell: Call Canine Familiar
  1540 | D:1      | Found a faded altar of an unknown god.
  1549 | D:1      | Reached skill level 1 in Invocations
  1779 | D:2      | Found a hide-covered altar of Uskayaw.
  2091 | D:2      | Reached skill level 1 in Fighting
  2091 | D:2      | Reached skill level 1 in Short Blades
  2091 | D:2      | Reached skill level 1 in Long Blades
  2091 | D:2      | Reached skill level 1 in Axes
  2091 | D:2      | Reached skill level 1 in Maces & Flails
  2091 | D:2      | Reached skill level 1 in Polearms
  2091 | D:2      | Reached skill level 1 in Staves
  2091 | D:2      | Reached skill level 1 in Slings
  2091 | D:2      | Reached skill level 1 in Bows
  2091 | D:2      | Reached skill level 1 in Crossbows
  2091 | D:2      | Reached skill level 1 in Throwing
  2091 | D:2      | Reached skill level 1 in Armour
  2091 | D:2      | Reached skill level 1 in Shields
  2091 | D:2      | Reached skill level 1 in Unarmed Combat
  2091 | D:2      | Reached skill level 1 in Evocations
  2091 | D:2      | Reached XP level 4. HP: 32/32 MP: 11/11
  2908 | D:3      | Reached skill level 1 in Conjurations
  2908 | D:3      | Reached skill level 1 in Hexes
  2908 | D:3      | Reached skill level 1 in Necromancy
  2908 | D:3      | Reached skill level 1 in Translocations
  2908 | D:3      | Reached skill level 1 in Transmutations
  2908 | D:3      | Reached skill level 1 in Fire Magic
  2908 | D:3      | Reached skill level 1 in Ice Magic
  2908 | D:3      | Reached skill level 1 in Air Magic
  2908 | D:3      | Reached skill level 1 in Earth Magic
  2908 | D:3      | Reached skill level 1 in Poison Magic
  3412 | D:4      | Noticed Natasha
  3421 | D:4      | Killed Natasha
  3422 | D:4      | Reached XP level 5. HP: 31/37 MP: 5/12
  3564 | D:4      | Found Estan's Assorted Antiques.
  3869 | D:4      | Found Fojolaip's Jewellery Boutique.
  3888 | D:4      | Reached skill level 2 in Invocations
  3888 | D:4      | Reached XP level 6. HP: 42/44 MP: 6/13
  3954 | D:4      | Found Doippoil's Assorted Antiques.
  4011 | D:4      | Noticed Natasha
  4017 | D:4      | Killed Natasha
  4018 | D:4      | Reached skill level 5 in Dodging
  4091 | D:4      | Noticed Natasha
  4098 | D:4      | Killed Natasha
  4099 | D:4      | Reached skill level 2 in Fighting
  4099 | D:4      | Reached skill level 2 in Short Blades
  4099 | D:4      | Reached skill level 2 in Long Blades
  4099 | D:4      | Reached skill level 2 in Axes
  4099 | D:4      | Reached skill level 2 in Maces & Flails
  4099 | D:4      | Reached skill level 2 in Polearms
  4099 | D:4      | Reached skill level 2 in Staves
  4099 | D:4      | Reached skill level 2 in Slings
  4099 | D:4      | Reached skill level 2 in Bows
  4099 | D:4      | Reached skill level 2 in Crossbows
  4099 | D:4      | Reached skill level 2 in Throwing
  4099 | D:4      | Reached skill level 2 in Armour
  4099 | D:4      | Reached skill level 2 in Shields
  4099 | D:4      | Reached skill level 2 in Unarmed Combat
  4099 | D:4      | Reached skill level 2 in Evocations
  4363 | D:4      | Found Ahehes's Antique Armour Emporium.
  4369 | D:4      | Found Kaotwut's Magic Scroll Boutique.
  4548 | D:5      | Entered Level 5 of the Dungeon
  4760 | D:5      | HP: 11/44 [centaur/arrow (4)]
  4764 | D:5      | HP: 3/44 [centaur/arrow (3)]
  5054 | D:5      | HP: 10/44 [centaur/arrow (11)]
  5330 | D:5      | Found a large runed translucent door.
  5336 | D:5      | Reached XP level 7. HP: 37/50 MP: 15/15
  5412 | D:5      | Found a large runed translucent door.
  5421 | D:5      | Noticed bezhaha's ghost (novice OpWz)
  5605 | D:5      | HP: 11/51 [acid (7)]
  5610 | D:5      | Reached skill level 2 in Conjurations
  5610 | D:5      | Reached skill level 2 in Hexes
  5610 | D:5      | Reached skill level 2 in Necromancy
  5610 | D:5      | Reached skill level 2 in Translocations
  5610 | D:5      | Reached skill level 2 in Transmutations
  5610 | D:5      | Reached skill level 2 in Fire Magic
  5610 | D:5      | Reached skill level 2 in Ice Magic
  5610 | D:5      | Reached skill level 2 in Air Magic
  5610 | D:5      | Reached skill level 2 in Earth Magic
  5610 | D:5      | Reached skill level 2 in Poison Magic
  5932 | D:5      | Reached skill level 5 in Stealth
  5949 | D:5      | Reached skill level 3 in Invocations
  6094 | D:5      | Found a runed translucent door.
  6095 | D:5      | Noticed Crazy Yiuf
  6135 | D:5      | Noticed Edmund
  6377 | D:5      | Reached XP level 8. HP: 57/57 MP: 12/16
  6467 | D:5      | Reached skill level 3 in Fighting
  6467 | D:5      | Reached skill level 3 in Short Blades
  6467 | D:5      | Reached skill level 3 in Long Blades
  6467 | D:5      | Reached skill level 3 in Axes
  6467 | D:5      | Reached skill level 3 in Maces & Flails
  6467 | D:5      | Reached skill level 3 in Polearms
  6467 | D:5      | Reached skill level 3 in Staves
  6467 | D:5      | Reached skill level 3 in Slings
  6467 | D:5      | Reached skill level 3 in Bows
  6467 | D:5      | Reached skill level 3 in Crossbows
  6467 | D:5      | Reached skill level 3 in Throwing
  6467 | D:5      | Reached skill level 3 in Armour
  6467 | D:5      | Reached skill level 3 in Shields
  6467 | D:5      | Reached skill level 3 in Unarmed Combat
  6467 | D:5      | Reached skill level 3 in Evocations
  6802 | D:5      | Killed Edmund
  6803 | D:5      | Reached skill level 6 in Spellcasting
  7294 | D:5      | Killed Crazy Yiuf
  7469 | D:5      | Killed bezhaha's ghost
  7656 | D:4      | Bought a scroll labelled VASTOFOKHLI for 30 gold pieces
  7656 | D:4      | Bought a scroll labelled DUQEJE UCAUSCHU for 30 gold pieces
  7656 | D:4      | Bought a scroll labelled VASTOFOKHLI for 30 gold pieces
  7656 | D:4      | Bought a scroll labelled JAESMA TEITOI for 30 gold pieces
  7656 | D:4      | Bought a scroll labelled TABUGU USOE for 30 gold pieces
  7685 | D:4      | Bought a scroll labelled ZANYAT WINEHO for 33 gold pieces
  7685 | D:4      | Bought a scroll labelled CYBLIM GUYVIGA for 33 gold pieces
  7685 | D:4      | Bought a scroll labelled CYBLIM GUYVIGA for 33 gold pieces
  7715 | D:4      | Bought a fuming grey potion for 27 gold pieces
  8047 | D:6      | HP: 14/58 [sky beast (5)]
  8050 | D:6      | HP: 4/58 [sky beast (3)]
  8050 | D:6      | Slain by a sky beast

Illustrated notes

Levels and vault maps discovered:
D:1:      heliophobic_arrival_dark_side_of_the_moon, layout_loops_ring,
          shapermc_ecumenical_altar_mp_highgroup
D:2:      layout_loops_ring, basic_altar
D:3:      layout_basic, serial_aquarium, aquarium_bridge_straight
          [aquarium_subvault_bridge, aquarium_subvault_wall,
          aquarium_subvault_bridge, aquarium_subvault_wall],
          aquarium_window_corner, aquarium_window_2, aquarium_window_1,
          aquarium_view_2f, aquarium_view_2d, aquarium_pool_2
D:4:      layout_cave_pools, serial_shops, shop, nicolae_square_shop,
          nicolae_shop_waterfront, shop, shop, minmay_fire_ice_demons,
          uniq_natasha
D:5:      layout_basic, ebering_ghost_disaster_area, minivault_26, uniq_edmund,
          uniq_crazy_yiuf_cottage
D:6:      layout_loops_ring, minmay_misc_feat_alley, uniq_eustachio

Skill      XL: |  1  2  3  4  5  6  7  8 |
---------------+-------------------------+-----
Spellcasting   | 5 6 |  6.2
Invocations    | 1 2 3 |  3.9
Fighting       | 1 2 3 |  3.5
Short Blades   | 1 2 3 |  3.5
Long Blades    | 1 2 3 |  3.5
Axes           | 1 2 3 |  3.5
Maces & Flails | 1 2 3 |  3.5
Polearms       | 1 2 3 |  3.5
Staves         | 1 2 3 |  3.5
Slings         | 1 2 3 |  3.5
Bows           | 1 2 3 |  3.5
Crossbows      | 1 2 3 |  3.5
Throwing       | 1 2 3 |  3.5
Armour         | 1 2 3 |  3.5
Shields        | 1 2 3 |  3.5
Unarmed Combat | 1 2 3 |  3.5
Evocations     | 1 2 3 |  3.5
Conjurations   | 1 2 |  2.9
Hexes          | 1 2 |  2.9
Necromancy     | 1 2 |  2.9
Translocations | 1 2 |  2.9
Transmutations | 1 2 |  2.9
Fire Magic     | 1 2 |  2.9
Ice Magic      | 1 2 |  2.9
Air Magic      | 1 2 |  2.9
Earth Magic    | 1 2 |  2.9
Poison Magic   | 1 2 |  2.9
Dodging        | 5 |  5.8
Stealth        | 5 |  5.5
Summonings     | |  7.7

Action                   |  1- 3 |  4- 6 |  7- 9 || total
-------------------------+-------+-------+-------++-------
Melee: Unarmed           |     5 |       |       ||     5
       Dagger            |    84 |    30 |       ||   114
       Bite              |     9 |     5 |     1 ||    15
       Club              |     5 |       |       ||     5
       Punch             |     1 |       |       ||     1
       War axe           |       |    51 |    62 ||   113
 Cast: Summon Small Mamm |    30 |     8 |    11 ||    49
       Call Canine Famil |     3 |    15 |    23 ||    41
       Call Imp          |       |     9 |     8 ||    17
 Stab: Sleeping          |     9 |    11 |     1 ||    21
       Distracted        |       |     2 |     1 ||     3
Armor: Robe              |    24 |    14 |    30 ||    68
Dodge: Dodged            |    84 |    76 |    61 ||   221

Table legend: (Time is in decaauts)
 A = Elapsed time spent in this place.
 B = Non-inter-level travel time spent in this place.
 C = Inter-level travel time spent in this place.
 D = Time resting spent in this place.
 E = Time spent auto-exploring this place.
 F = Levels seen in this place.
 G = Mean time per level.
                   A        B        C        D        E       F      G
               +--------+--------+--------+--------+--------+-----+--------+
         Total |   8109 |   7153 |    956 |    120 |   5790 |   6 | 1351.5 |
       Dungeon |   8109 |   7153 |    956 |    120 |   5790 |   6 | 1351.5 |
               +--------+--------+--------+--------+--------+-----+--------+

Top non-repeatable levels by time:
     D:5: 2210 daAuts
     D:4: 2102 daAuts
     D:1: 1838 daAuts
     D:3: 905 daAuts
     D:2: 865 daAuts
     D:6: 187 daAuts

Table legend:
 A = Kills in this place as a percentage of kills in entire the game.
 B = Kills by you in this place as a percentage of kills by you in the entire game.
 C = Kills by friends in this place as a percentage of kills by friends in the entire game.
 D = Other kills in this place as a percentage of other kills in the entire game.
 E = Experience gained in this place as a percentage of experience gained in the entire game.
 F = Experience gained in this place divided by the number of levels of this place that you have seen.
                   A       B       C       D       E      F
               +-------+-------+-------+-------+-------+----------------------
         Total | 100.0 | 100.0 | 100.0 |   N/A | 100.0 | 339.5
       Dungeon | 100.0 | 100.0 | 100.0 |   N/A | 100.0 | 339.5
               +-------+-------+-------+-------+-------+----------------------
